 Dungeon Crawl Stone Soup version 0.20.1-1-g8b1a95d (webtiles) character file.

974 vineage the Basher (level 7, 0/52 HPs)
             Began as a Demonspawn Fighter on Nov 20, 2017.
             Killed by nerve-wracking pain
             ... invoked by an orc priest
              (3 damage)
             ... on level 6 of the Dungeon.
             The game lasted 00:07:54 (4512 turns).

vineage the Basher (Demonspawn Fighter)             Turns: 4512, Time: 00:07:55

Health: 0/52       AC: 11    Str: 18    XL:     7   Next: 95%
Magic:  7/7        EV:  4    Int:  9    God:
Gold:   286        SH: 10    Dex: 13    Spells: 6/6 levels left

rFire    . . .     SeeInvis .   a - +0 flail
rCold    + . .     Gourm    .   c - +1 shield
rNeg     . . .     Faith    .   r - +0 plate armour
rPois    .         Spirit   .   (no helmet)
rElec    .         Reflect  .   (no cloak)
rCorr    .         Harm     .   (no gloves)
MR       .....                  (no boots)
Stlth    ..........             (no amulet)
Regen    0.2/turn               m - ring of protection from cold
MPRegen  0.1/turn               e - ring of flight

@: no status effects
A: claws 1, demonic guardian 1, sturdy frame 1
a: Evoke Flight


You were on level 6 of the Dungeon.
You were hungry.

You visited 2 branches of the dungeon, and saw 7 of its levels.
You also visited: Sewer.

You collected 286 gold pieces.

Inventory:

Hand Weapons
 a - a +0 flail (weapon)
Armour
 b - a +0 scale mail
 c - a +1 shield (worn)
 r - a +0 plate armour (worn)
Jewellery
 d - an uncursed ring of magical power
 e - a ring of flight (right claw)
 m - a ring of protection from cold (left claw)
 u - a +4 ring of strength {unknown}
 y - a cursed amulet of inaccuracy {unknown}
Wands
 j - a wand of enslavement (10/24)
 k - a wand of paralysis (13/24)
 v - a wand of disintegration (14/24)
 D - a wand of paralysis (9/24)
Scrolls
 i - 3 scrolls of blinking
 n - 3 scrolls of immolation
 w - a scroll of noise
 z - a scroll of recharging {unknown}
 B - a scroll of remove curse
 C - a scroll of fog
Potions
 h - a potion of resistance
 l - a potion of agility
 p - 2 potions of lignification
 s - a potion of might
 x - a potion of ambrosia {unknown}
 E - a potion of brilliance {unknown}
Comestibles
 f - 2 bread rations
 g - 3 fruits
 q - a royal jelly
 t - a meat ration


   Skills:
 - Level 3.0 Fighting
 + Level 8.6 Maces & Flails
 - Level 2.6 Armour
 - Level 2.6 Shields


You had 6 spell levels left.
You didn't know any spells.

Dungeon Overview and Level Annotations

Branches:
Dungeon (6/15)             Temple (1/1) D:4

Altars:
Ashenzari
Dithmenos
Elyvilon
Kikubaaqudgha
Nemelex Xobeh
Qazlal
Ru
Sif Muna
Vehumet
Yredelemnul
Zin


Innate Abilities, Weirdness & Mutations

You have sharp fingernails.
A weak demonic guardian rushes to your aid.
Your movements are slightly less encumbered by armour. (ER -2)


Message History

The orc priest looks satisfied for a moment.
Unknown command.
You hit the orc priest.
The orc priest is almost dead.
The leopard gecko bites you but does no damage.
Your shadow imp barely misses the leopard gecko.
You block the adder zombie's attack. The leopard gecko bites you.
* * * LOW HITPOINT WARNING * * *
The orc priest invokes the aid of Beogh against you.
Pain shoots through your body!
* * * LOW HITPOINT WARNING * * *
You closely miss the orc priest.
The orc priest is almost dead.
Your shadow imp disappears in a puff of smoke!
The adder zombie bites you but does no damage.
The leopard gecko bites you.
* * * LOW HITPOINT WARNING * * *
The orc priest calls down the wrath of Beogh upon you.
Pain shoots through your body!
You die...

..... .... ..#.######
...... #.....>... ...
.....# #......... #..##
#...###.........
#..####...##..........
##..##....##.)l.......
##............ยง@o##.
##...........(.)Z.......
#...........(...........
#.<..........%..........
#...............#...#...
##.)...........!#...# ..
#.......#####....### #
#.........# ...###
#.......#... ....


You could see an orc priest, an adder zombie and a leopard gecko.

Vanquished Creatures
  Sigmund (D:5)
  An ogre (D:5)
  A necrophage (D:5)
  A gnoll sergeant (D:5)
  A howler monkey (D:5)
  A crimson imp (D:5)
  A centaur skeleton (D:4)
  An iguana (D:4)
  Terence (D:2)
  2 worker ants (D:4)
  5 gnolls (D:5)
  5 adders
  A shadow imp (D:5)
  An ooze (D:1)
  3 worms
  2 dart slugs
  8 leopard geckos
  14 orcs
  4 ball pythons
  4 bats (D:1)
  10 giant cockroaches
  11 goblins
  4 hobgoblins
  6 jackals
  3 quokkas
  11 frilled lizards
  A jackal zombie (D:5)
  9 kobolds
  5 rats
118 creatures vanquished.

Vanquished Creatures (collateral kills)
  A bullfrog (Sewer)
  A scorpion (D:6)
  A centaur zombie (D:5)
  An iguana (D:6)
  An orc wizard (D:6)
  4 orcs (D:3)
  A kobold (D:3)
  A quokka (D:3)
11 creatures vanquished.

Grand Total: 129 creatures vanquished

Notes
Turn   | Place    | Note
-------+----------+-------------------------------------------
     0 | D:1      | vineage the Demonspawn Fighter began the quest for the Orb.
     0 | D:1      | Reached XP level 1. HP: 18/18 MP: 1/1
    65 | D:1      | Reached skill level 2 in Maces & Flails
    97 | D:1      | Gained mutation: Your movements are slightly less encumbered by armour. (ER -2) [demonic ancestry]
    97 | D:1      | Reached XP level 2. HP: 24/24 MP: 2/2
   292 | D:1      | Reached skill level 3 in Maces & Flails
   391 | D:1      | Reached XP level 3. HP: 23/29 MP: 3/3
   718 | D:2      | Noticed Terence
   729 | D:2      | Killed Terence
   729 | D:2      | Gained mutation: A weak demonic guardian rushes to your aid. [demonic ancestry]
   729 | D:2      | Reached XP level 4. HP: 19/35 MP: 4/4
   891 | D:2      | Reached skill level 4 in Maces & Flails
  1753 | D:3      | Reached XP level 5. HP: 32/41 MP: 5/5
  1832 | D:3      | Found a glowing drain.
  1836 | Sewer    | Entered a sewer
  1859 | Sewer    | Reached skill level 5 in Maces & Flails
  2827 | D:4      | Reached XP level 6. HP: 39/47 MP: 6/6
  2847 | D:4      | Found a staircase to the Ecumenical Temple.
  2916 | Temple   | Entered the Ecumenical Temple
  3157 | D:4      | Found a shadowy altar of Dithmenos.
  3300 | D:4      | Reached skill level 6 in Maces & Flails
  3524 | D:5      | Entered Level 5 of the Dungeon
  3755 | D:5      | Reached skill level 7 in Maces & Flails
  3791 | D:5      | Gained mutation: You have sharp fingernails. [demonic ancestry]
  3791 | D:5      | Reached XP level 7. HP: 43/52 MP: 7/7
  4245 | D:5      | Noticed Sigmund
  4251 | D:5      | Killed Sigmund
  4251 | D:5      | Reached skill level 8 in Maces & Flails
  4512 | D:6      | Killed from afar by an orc priest

Skill      XL: |  1  2  3  4  5  6  7 |
---------------+----------------------+-----
Maces & Flails | 2 3 4 5 7 8 |  8.6
Fighting       | |  3.0
Armour         | |  2.6
Shields        | |  2.6

Action                   |  1- 3 |  4- 6 |  7- 9 || total
-------------------------+-------+-------+-------++-------
Melee: Flail             |    92 |   316 |    73 ||   481
  Use: Scroll            |       |    15 |       ||    15
       Potion            |       |     3 |     2 ||     5
 Stab: Distracted        |       |     1 |       ||     1
  Eat: Chunk             |       |     9 |     3 ||    12
Armor: Scale mail        |    34 |    86 |       ||   120
       Plate armour      |       |    69 |    49 ||   118
Dodge: Dodged            |    20 |    95 |     9 ||   124
Block: Shield            |    44 |   178 |    37 ||   259
